 Dungeon Crawl Stone Soup version 0.26.0-10-g1f06aea511 (webtiles) character file.

Game seed: 2908596902367895956

822 inc the Jinx (level 7, -8/27 HPs)
             Began as a Felid Enchanter on Jan 30, 2021.
             Was a Follower of Uskayaw.
             Mangled by Menkaure (21 damage)
             ... on level 6 of the Dungeon.
             The game lasted 00:14:36 (10278 turns).

inc the Jinx (Felid Enchanter)                     Turns: 10278, Time: 00:14:37

Health: -8/27      AC:  2    Str:  4    XL:     7   Next: 63%
Magic:  8/11       EV: 18    Int: 16    God:    Uskayaw [*.....]
Gold:   198        SH:  0    Dex: 19    Spells: 4/10 levels left
                                        Lives:  0   Deaths: 2

rFire    . . .     SeeInvis +     - Unarmed
rCold    . . .     Faith    .   (shield unavailable)
rNeg     . . .     Spirit   .   (armour unavailable)
rPois    .         Reflect  .   (helmet unavailable)
rElec    .         Harm     .   (cloak unavailable)
rCorr    .         Rampage  .   (gloves unavailable)
Will     +....                  (boots unavailable)
Stlth    +++.......             (no amulet)
HPRegen  0.09/turn              (no ring)
MPRegen  0.12/turn              (no ring)

@: quick
A: very small, no armour, no weapons or thrown items, stealth, claws 1, fangs 3,
see invisible, speed 1, shaggy fur 2, sharp paws
a: Renounce Religion, Stomp


You were on level 6 of the Dungeon.
You worshipped Uskayaw.
Uskayaw was noncommittal.
You visited 1 branch of the dungeon, and saw 6 of its levels.
You also visited: Sewer.

You collected 198 gold pieces.

Inventory:

Jewellery
 e - an uncursed amulet of guardian spirit
Wands
 n - a wand of random effects (16)
Scrolls
 a - 2 scrolls of identify
 c - 2 scrolls of teleportation
 d - 2 scrolls of enchant weapon {unknown}
 g - a scroll of enchant armour {unknown}
 h - 6 scrolls of remove curse {unknown}
 i - a scroll of random uselessness {unknown}
 o - a scroll of magic mapping {unknown}
Potions
 b - 2 potions of might
 f - 2 potions of heal wounds
 j - 3 potions of brilliance
 k - a potion of cancellation
 l - 3 potions of flight
 m - 5 potions of curing


   Skills:
 - Level 2.6 Dodging
 - Level 4.0 Stealth
 - Level 5.4 Unarmed Combat
 - Level 2.0 Spellcasting
 + Level 9.2 Hexes
 + Level 4.9 Ice Magic


You had 4 spell levels left.
You knew the following spells:

 Your Spells              Type           Power        Failure   Level
a - Corona                Hex            34%          1%          1
b - Ensorcelled Hibernat  Hex/Ice        48%          1%          2
c - Confusing Touch       Hex            31%          1%          3

Your spell library contained the following spells:

 Spells                   Type           Power        Failure   Level
 Tukima's Dance           Hex            31%          1%          3
 Dazzling Flash           Conj/Hex       32%          10%         3
 Animate Skeleton         Necr           2%           21%         1
 Pain                     Necr           4%           21%         1
 Vampiric Draining        Necr           0%           52%         3
 Animate Dead             Necr           0%           90%         4
 Agony                    Necr           1%           99%         5


Dungeon Overview and Level Annotations

Branches:
Dungeon (6/15)              Sewer (visited)
 Temple: D:4-7

Altars:
Elyvilon
Kikubaaqudgha
Okawaru
Uskayaw
Vehumet
Yredelemnul
The Shining One

Annotations:
D:6 Menkaure


Innate Abilities, Weirdness & Mutations

You cannot wear armour.
You are incapable of wielding weapons or throwing items.
Your paws allow you to move quietly. (Stealth)
You have sharp claws.
You have razor-sharp teeth.
You have supernaturally acute eyesight. (SInv)
You cover ground quickly.
You are covered in thick fur. (AC +2)
Your sharp claws are effective at attacking unaware monsters.


Message History

You pounce on the unaware helpless orc!
You eviscerate the orc!!!
You kill the orc!
Menkaure points at you and mumbles some strange words.
You resist with significant effort.
Unknown command.
You start waiting.
Menkaure is nearby!
Casting: Ensorcelled Hibernation (safe; 1% risk of failure)
Confirm with . or Enter, or press ? or * to list all spells.
Your paws begin to glow red.
You scratch Menkaure but do no damage.
Menkaure appears confused.
You claw Menkaure. You bite Menkaure.
Menkaure is lightly damaged.
Menkaure hits you!
Ouch! That really hurt!
You scratch Menkaure.
Menkaure is moderately damaged.
Menkaure hits you!!
Ouch! That really hurt!
You die...

#:. .... ..#####...
#####........ #..........#
#.......... #........#
...... #........# .○.☼.
#.....M..# ○§_.
######.#@## .§. #..oo.)#.#
.. #.....M#.# #.#
#.....##.# ##.#
#.....##.####..## .#
..........#......# ##.#..
......###........###......
...... ##.#...†..........#
. ...................


You could see Menkaure (confused).

Vanquished Creatures
  Sigmund (D:4)
  A sky beast (D:5)
  2 ogres
  3 howler monkeys
  A hound (D:5)
  A bullfrog skeleton (D:5)
  2 orc wizards (D:5)
  2 centaur skeletons
  An orc priest (D:5)
  A worker ant (D:6)
  2 hound skeletons (D:4)
  9 adders
  A gnoll (D:1)
  7 river rats (Sewer)
  4 white imps
  3 oozes
  An adder skeleton (D:5)
  A worm (D:5)
  A dart slug (D:3)
  5 leopard geckos
  17 orcs
  5 ball pythons (Sewer)
  8 bats
  11 giant cockroaches
  3 goblins (D:2)
  11 hobgoblins
  9 jackals
  A quokka (D:3)
  6 frilled lizards
  24 kobolds
  A quokka zombie (D:5)
  26 rats
171 creatures vanquished.

Notes
Turn   | Place    | Note
-------+----------+-------------------------------------------
     0 | D:1      | inc the Felid Enchanter began the quest for the Orb.
     0 | D:1      | Reached XP level 1. HP: 7/7 MP: 4/4
   549 | D:1      | Reached XP level 2. HP: 11/11 MP: 6/6
   796 | D:1      | Learned a level 2 spell: Ensorcelled Hibernation
  1118 | D:2      | Reached XP level 3. HP: 9/14 MP: 7/7
  1769 | D:2      | Found a basalt altar of Yredelemnul.
  2195 | D:2      | Reached XP level 4. HP: 18/18 MP: 5/8
  2261 | D:2      | Found a white marble altar of Elyvilon.
  3700 | D:3      | Hit by a boomerang thrown by an orc
  3701 | D:3      | Reached XP level 3. HP: 0/14 MP: 6/7
  3941 | D:4      | Found an ancient bone altar of Kikubaaqudgha.
  4043 | D:4      | Noticed an ogre
  4054 | D:4      | Killed an ogre
  4055 | D:4      | Reached skill level 5 in Unarmed Combat
  4055 | D:4      | Reached XP level 4. HP: 18/18 MP: 3/8
  4055 | D:4      | Reached XP level 5. HP: 21/21 MP: 3/9
  4203 | D:4      | Found a glowing drain.
  4373 | D:3      | Learned a level 3 spell: Confusing Touch
  4557 | D:3      | Reached skill level 1 in Ice Magic
  4578 | Sewer    | Entered a sewer
  4866 | Sewer    | Reached skill level 5 in Hexes
  5272 | Sewer    | Gained mutation: You are covered in thick fur. (AC +2)
                  | [Felid growth]
  5272 | Sewer    | Reached XP level 6. HP: 24/24 MP: 10/10
  6004 | D:4      | Noticed Sigmund
  6020 | D:4      | Killed Sigmund
  6021 | D:4      | Reached skill level 6 in Hexes
  6425 | D:4      | Reached XP level 7. HP: 27/27 MP: 8/11
  6523 | D:4      | Reached skill level 7 in Hexes
  7006 | D:5      | Entered Level 5 of the Dungeon
  7019 | D:5      | Killed from afar by a white imp
  7020 | D:5      | Reached XP level 6. HP: -1/24 MP: 10/10
  8065 | D:5      | Found a hide-covered altar of Uskayaw.
  8166 | D:5      | Became a worshipper of Uskayaw the Reveller
  8268 | D:5      | Noticed a sky beast
  8487 | D:5      | Reached * piety under Uskayaw
  8490 | D:5      | Killed a sky beast
  8491 | D:5      | Reached skill level 8 in Hexes
  8727 | D:5      | Reached XP level 7. HP: 19/27 MP: 2/11
  8904 | D:5      | Found an iron altar of Okawaru.
  8906 | D:5      | Found a glowing golden altar of the Shining One.
  8936 | D:5      | Reached ** piety under Uskayaw
  9601 | D:5      | Reached skill level 9 in Hexes
 10111 | D:6      | Found a radiant altar of Vehumet.
 10269 | D:6      | Noticed Menkaure
 10278 | D:6      | Mangled by Menkaure

Illustrated notes

Levels and vault maps discovered:
D:1:      roderic_octagonal_star, layout_basic, minmay_distorted
D:2:      layout_loops_ring, kennysheep_ying_yang, eino_tiny_chamber,
          kennysheep_generic_room_5
D:3:      wad_pebble_path, layout_loops_corners
D:4:      layout_cave_pods, nicolae_overflow_crystal_walls,
          gup_sewer_entry_glass, uniq_sigmund
D:5:      layout_basic, lemuel_round_altar,
          chequers_temple_overflow_statue_of_worship
D:6:      minmay_goblin_kobold_castle, layout_rooms, fiery_altar_vehumet,
          old_standard_altar, minmay_temple_entry_fiery, basic_altar,
          uniq_menkaure

Skill      XL: |  1  2  3  4  5  6  7 |
---------------+----------------------+-----
Unarmed Combat | 2 3 5 4 |  5.4
Ice Magic      | 1 4 |  4.9
Hexes          | 5 8 9 |  9.2
Dodging        | |  2.6
Stealth        | |  4.0
Spellcasting   | |  2.0

Action                   |  1- 3 |  4- 6 |  7- 9 || total
-------------------------+-------+-------+-------++-------
Melee: Unarmed           |   112 |   277 |    52 ||   441
       Bite              |     9 |    25 |     4 ||    38
       Punch             |       |     4 |     4 ||     8
 Cast: Ensorcelled Hiber |    26 |    78 |    18 ||   122
       Confusing Touch   |       |     2 |     4 ||     6
  Use: Potion            |     2 |     4 |     2 ||     8
       Scroll            |       |     3 |       ||     3
 Stab: Sleeping          |    22 |    69 |    13 ||   104
       Distracted        |     1 |       |       ||     1
       Confused          |       |     2 |     3 ||     5
Armor: Skin              |     9 |     7 |     3 ||    19
Dodge: Dodged            |   101 |   232 |    44 ||   377
